 Dungeon Crawl Stone Soup version 0.27-a0-1123-g2f9bb313c0 (webtiles) character file.

Game seed: 388488932566635416

798 Zeld the Shield-Bearer (level 7, -1/51 HPs)
             Began as an Octopode Fighter on May 3, 2021.
             Slain by Duvessa
             ... wielding a +0 rapier
              (11 damage)
             ... on level 4 of the Dungeon.
             The game lasted 00:03:29 (3041 turns).

Zeld the Shield-Bearer (Octopode Fighter)           Turns: 3041, Time: 00:03:29

Health: -1/51      AC:  1    Str: 17    XL:     7   Next: 89%
Magic:  7/7        EV: 11    Int: 11    God:
Gold:   108        SH: 10    Dex: 11    Spells: 6/6 levels left

rFire    . . .     SeeInvis .   a - +0 war axe
rCold    . . .     Faith    .   b - +0 kite shield
rNeg     . . .     Spirit   .   (helmet restricted)
rPois    .         Reflect  .   k - amulet of regeneration
rElec    .         Harm     .   (no ring)
rCorr    .         Rampage  .   (no ring)
Will     .....                  (no ring)
Stlth    ++........             (no ring)
HPRegen  1.17/turn              (no ring)
MPRegen  0.10/turn              (no ring)
                                (no ring)
                                (no ring)

@: no status effects
A: almost no armour, amphibious, 8 rings, camouflage 1, gelatinous body 1,
(nimble swimmer 1), tentacles
a: no special abilities


You were on level 4 of the Dungeon.
You visited 1 branch of the dungeon, and saw 4 of its levels.

You collected 108 gold pieces.

Inventory:

Hand Weapons
 a - a +0 war axe (weapon)
Armour
 b - a +0 kite shield (worn)
Jewellery
 k - an amulet of regeneration (around mantle)
Wands
 l - a wand of digging (2)
Scrolls
 e - 3 scrolls of identify {unknown}
 h - 2 scrolls of teleportation {unknown}
 i - a scroll of fog {unknown}
 j - a scroll of enchant armour {unknown}
 m - a scroll of noise {unknown}
 n - a scroll of summoning {unknown}
 o - a scroll of amnesia {unknown}
Potions
 c - 2 potions of might
 g - a potion of curing {unknown}


   Skills:
 * Level 5.7 Fighting
 * Level 5.2 Axes
 - Level 3.0 Dodging
 * Level 5.7 Shields


You had 6 spell levels left.
You didn't know any spells.
Your spell library contained the following spells:

 Spells                   Type           Power      Damage    Failure   Level
 Call Canine Familiar     Summ           0%         N/A       98%         3
 Irradiate                Conj/Tmut      0%         3d14      100%        5
 Lee's Rapid Deconstruct  Erth           0%         3d5*      100%        5
 Summon Mana Viper        Hex/Summ       0%         N/A       100%        5
 Blade Hands              Tmut           0%         N/A       100%        6
 Statue Form              Tmut/Erth      0%         N/A       100%        6
 Dragon Form              Tmut           0%         N/A       100%        7
 Summon Hydra             Summ           0%         N/A       100%        7


Dungeon Overview and Level Annotations

Branches:
Dungeon (4/15)
 Temple: D:4-7

Altars:
Ashenzari
Wu Jian

Shops:
D:1 :

Annotations:
D:4 Dowan, Duvessa


Innate Abilities, Weirdness & Mutations

You cannot wear most types of armour.
You are amphibious.
You can wear up to eight rings at the same time.
Your skin changes colour to match your surroundings (Stealth+).
Your rubbery body absorbs attacks. (AC +1, EV +1)
((You are camouflaged near water. (Stealth+)))
You have tentacles for arms and can constrict up to eight enemies at once.


Message History

Okay, then.
You release your grip on Duvessa.
Dowan says, "Magic and the sword, together, will defeat you."
You block Duvessa's attack.
Dowan says, "Magic and the sword, together, will defeat you."
Duvessa hits you with a +0 rapier.
Dowan casts a spell.
Dowan blinks!
Dowan gestures wildly while chanting.
Dowan blinks!
Things that are here:
a +0 club; a goblin corpse Duvessa hits you with a +0 rapier!
* * * LOW HITPOINT WARNING * * *
Duvessa barely misses you. The scorpion misses you.
Duvessa hits you with a +0 rapier!
* * * LOW HITPOINT WARNING * * *
Dowan casts a spell.
Dowan blinks!
Duvessa hits you with a +0 rapier!
* * * LOW HITPOINT WARNING * * *
Duvessa barely misses you. The scorpion closely misses you.
Press: ? - help, v - describe, . - travel The floor, spattered with blood.
As you read the scroll labelled UKHUUFAHEI, it crumbles to dust.
You feel aware of your surroundings.
You sensed 7 altars, and 1 shop/portal.
It was a scroll of magic mapping.
Duvessa misses you. The scorpion closely misses you.
Okay, then.
It was a potion of heal wounds.
You feel much better. Duvessa misses you. The scorpion barely misses you.
You block Duvessa's attack.
You are too injured to fight recklessly!
You closely miss the scorpion. Your grab misses the scorpion. You hit Duvessa.
Duvessa gestures with her weapon.
Duvessa hits you with a +0 rapier!
* * * LOW HITPOINT WARNING * * *
The scorpion stings you.
* * * LOW HITPOINT WARNING * * *
Duvessa hits you with a +0 rapier!
You die...

,,,,,...>.$..#...................
,,,,,,,#..e......................
,,,,,,**#........................
*,,,*** ***#.....................
**,,,##** #.............<...##..
**,,,#..##*#................##*,,
,,,,,.....##................#*,,,
,,,,,................#......###.<
,*,,,..........s@....#...........
,*,,,#.......#.e............####.
**,,,#.......)....#..............
*,,,,##.....#..#..#####...##.#..#
,,,,**###.###...#.# #....######
**,,,* ##* ##.#.## #...## *,,,*
##### ##.## ***** ###


You could see Duvessa (fast), Dowan and a scorpion.

Vanquished Creatures
  Pikel (D:3)
  A black bear (D:3)
  Crazy Yiuf (D:3)
  Ijyb (D:3)
  2 iguanas (D:4)
  Robin (D:3)
  5 adders
  4 worms (D:3)
  4 dart slugs
  An orc (D:2)
  4 bats
  5 endoplasms
  2 giant cockroaches (D:1)
  17 goblins
  9 hobgoblins
  7 kobolds
  3 quokkas
  5 ball pythons
  3 frilled lizards
  4 rats
80 creatures vanquished.

Vanquished Creatures (others)
  4 toadstools (D:1)
4 creatures vanquished.

Grand Total: 84 creatures vanquished

Notes
Turn   | Place    | Note
-------+----------+-------------------------------------------
     0 | D:1      | Zeld the Octopode Fighter began the quest for the Orb.
     0 | D:1      | Reached XP level 1. HP: 16/16 MP: 1/1
   257 | D:1      | Reached XP level 2. HP: 21/21 MP: 2/2
   328 | D:1      | Found Gofiotuc's Book Shoppe.
   604 | D:1      | Reached XP level 3. HP: 26/26 MP: 3/3
   649 | D:1      | Found a faded altar of an unknown god.
  1289 | D:2      | Reached XP level 4. HP: 32/32 MP: 4/4
  1414 | D:2      | Found a broken altar of Ashenzari.
  1722 | D:3      | Noticed Ijyb
  1733 | D:3      | Killed Ijyb
  1933 | D:3      | Found an ornate altar of the Wu Jian Council.
  2079 | D:3      | Found a runed translucent door.
  2080 | D:3      | Noticed Crazy Yiuf
  2142 | D:3      | Reached XP level 5. HP: 37/37 MP: 5/5
  2153 | D:3      | Identified the Volume of Dusty Calling
  2294 | D:3      | Noticed Robin
  2323 | D:3      | Killed Robin
  2443 | D:3      | Killed Crazy Yiuf
  2485 | D:4      | Noticed Pikel
  2485 | D:4      | Noticed a black bear
  2486 | D:4      | Noticed a lemure
  2486 | D:4      | Noticed a lemure
  2490 | D:3      | Killed a black bear
  2491 | D:3      | Reached XP level 6. HP: 38/44 MP: 6/6
  2897 | D:3      | Killed Pikel
  2898 | D:3      | Reached skill level 5 in Fighting
  2898 | D:3      | Reached skill level 5 in Axes
  2898 | D:3      | Reached skill level 5 in Shields
  2898 | D:3      | Reached XP level 7. HP: 21/51 MP: 7/7
  3016 | D:4      | Noticed Duvessa
  3016 | D:4      | Noticed Dowan
  3038 | D:4      | HP: 1/51 [Duvessa/+0 rapier (7)]
  3041 | D:4      | Slain by Duvessa

Illustrated notes

Levels and vault maps discovered:
D:1:      ldierk_walled_garden_2, layout_basic, serial_glass, glass_columns_a,
          glass_columns_c, glass_columns_b, glass_columns_c, glass_columns_b,
          glass_columns_a, glass_columns_c, glass_columns_a,
          ebering_ecumenical_altar_mist, serial_shops,
          nicolae_shop_behind_doors, chequers_mini_garden, corner_web_ring
D:2:      layout_basic, basic_altar
D:3:      layout_basic, pdpol_wu_jian_five_deadly_venoms, serial_curves,
          eino_curves_04, eino_curves_02, uniq_ijyb, uniq_robin,
          uniq_crazy_yiuf_cottage
D:4:      layout_cave_pools, grunt_temple_overflow_octagram, serial_shops,
          nicolae_shop_stone, uniq_duvessa, uniq_edmund, uniq_pikel

Skill      XL: |  1  2  3  4  5  6 |
---------------+-------------------+-----
Axes           | 3 4 5 |  5.2
Shields        | 4 5 |  5.7
Fighting       | 4 5 |  5.7
Dodging        | |  3.0

Action                   |  1- 3 |  4- 6 |  7- 9 || total
-------------------------+-------+-------+-------++-------
Melee: War axe           |    52 |    88 |    11 ||   151
       Constrict         |    13 |    27 |     2 ||    42
       Tentacles         |     7 |    16 |     4 ||    27
  Use: Potion            |       |     1 |     1 ||     2
       Scroll            |       |       |     1 ||     1
 Stab: Sleeping          |     7 |     3 |       ||    10
Armor: Skin              |     5 |     3 |       ||     8
Dodge: Dodged            |    23 |    39 |    12 ||    74
Block: Kite shield       |    25 |    40 |     7 ||    72

Table legend: (Time is in decaauts)
 A = Elapsed time spent in this place.
 B = Non-inter-level travel time spent in this place.
 C = Inter-level travel time spent in this place.
 D = Time resting spent in this place.
 E = Time spent auto-exploring this place.
 F = Levels seen in this place.
 G = Mean time per level.
                   A        B        C        D        E       F      G
               +--------+--------+--------+--------+--------+-----+--------+
         Total |   3127 |   2989 |    138 |    359 |   2082 |   4 |  781.8 |
       Dungeon |   3127 |   2989 |    138 |    359 |   2082 |   4 |  781.8 |
               +--------+--------+--------+--------+--------+-----+--------+

Top non-repeatable levels by time:
     D:3: 1266 daAuts
     D:1: 1194 daAuts
     D:2: 551 daAuts
     D:4: 114 daAuts
